 Dungeon Crawl Stone Soup version 0.17-a0-2093-gc772f4b (webtiles) character file.

58 ololoev the Covered (level 3, 0/29 HPs)
             Began as a Demonspawn Fighter on Oct 16, 2015.
             Slain by a giant cockroach (1 damage)
             ... on level 2 of the Dungeon.
             The game lasted 00:01:35 (183 turns).

ololoev the Covered (Demonspawn Fighter)             Turns: 183, Time: 00:01:35

Health: 0/29       AC:  6    Str: 17    XL:     3   Next: 75%
Magic:  3/3        EV:  6    Int:  9    God:
Gold:   12         SH:  8    Dex: 12    Spells: 0 memorised, 2 levels left

rFire  . . .     SeeInvis .     a - +0 war axe
rCold  . . .     Clarity  .     b - +0 scale mail
rNeg   . . .     SustAt   .     c - +0 shield
rPois  .         Gourm    .     (no helmet)
rElec  .         Spirit   .     (no cloak)
rCorr  .         Warding  .     (no gloves)
rMut   .         Stasis   .     (no boots)
MR     .....                    (no amulet)
Stlth  ..........               (no ring)
                                (no ring)

@: not resistant to hostile enchantments, extremely unstealthy
A: hooves 1, demonic guardian 1
a: no special abilities


Innate Abilities, Weirdness & Mutations

You have large cloven feet.
A weak demonic guardian rushes to your aid.

Inventory:

Hand Weapons
 a - a +0 war axe (weapon)
Armour
 b - a +0 scale mail (worn)
 c - a +0 shield (worn)
Scrolls
 f - 2 scrolls of remove curse {unknown}
 h - 2 scrolls of identify {unknown}
Potions
 g - a potion of curing {unknown}
Comestibles
 d - 7 chunks of flesh
 e - a bread ration
 i - 3 fruits


   Skills:
 - Level 3.0 Fighting
 * Level 3.1 Axes
 + Level 3.3 Armour
 - Level 2.6 Shields


You had 2 spell levels left.
You didn't know any spells.


You were on level 2 of the Dungeon.
You were not hungry.

You visited 1 branch of the dungeon, and saw 3 of its levels.

You collected 12 gold pieces.

#... .## ##...
....
#...###....
##.......#.#
###...........
##.$.........(.
#......lg.....#
#......@s.....#
####.(........#
##........##
##?.....##
########

Notes
Turn   | Place    | Note
--------------------------------------------------------------
     0 | D:1      | ololoev the Demonspawn Fighter began the quest for the Orb.
     0 | D:1      | Reached XP level 1. HP: 18/18 MP: 1/1
    59 | D:1      | You fall through a shaft!
    64 | D:2      | Gained mutation: You have large cloven feet. [demonic ancestry]
    64 | D:2      | Reached XP level 2. HP: 14/24 MP: 2/2
   136 | D:2      | Gained mutation: A weak demonic guardian rushes to your aid. [demonic ancestry]
   136 | D:2      | Reached XP level 3. HP: 10/29 MP: 3/3
   183 | D:2      | HP: 1/29 [giant gecko (4)]
   183 | D:2      | Slain by a giant cockroach

Dungeon Overview and Level Annotations

Branches:
Dungeon (3/15)

Altars:


Message History

You kick the hobgoblin, but do no damage.
The hobgoblin is heavily wounded.
The hobgoblin barely misses you.
You barely miss the hobgoblin.
The hobgoblin is heavily wounded.
The hobgoblin hits you but does no damage.
You slash the hobgoblin!
You kill the hobgoblin!
Things that are here:
a club; a hobgoblin corpse You butcher the hobgoblin corpse.
d - 4 chunks of flesh (gained 3)
You see here a club.
Things that are here:
a short sword; an orc corpse You butcher the orc corpse.
d - 7 chunks of flesh (gained 3)
You see here a short sword.
i - 3 fruits You now have 12 gold pieces (gained 7).
There is a stone staircase leading up here.
You climb upwards.
The hobgoblin shouts!
A giant gecko and a giant cockroach come into view.
Found four items.
There is a stone staircase leading down here.
You closely miss the giant cockroach. You block the giant cockroach's attack.
The giant cockroach closely misses you.
You miss the giant gecko. Your kick misses the giant gecko.
You hit the giant cockroach.
The giant cockroach is heavily wounded.
The giant gecko bites you. You block the giant cockroach's attack.
You block the giant gecko's attack. The giant cockroach closely misses you.
Unknown command.
You closely miss the giant gecko. Your kick misses the giant gecko.
You barely miss the giant cockroach.
The giant cockroach is heavily wounded.
You hit the hobgoblin but do no damage. The giant gecko bites you.
The giant cockroach bites you.
You die...

You could see a giant gecko, a giant cockroach and a hobgoblin.

Vanquished Creatures
  2 gnolls (D:2)
  An adder (D:2)
  An orc (D:3)
  2 bats (D:2)
  3 goblins
  3 hobgoblins
  A quokka (D:2)
  A giant newt (D:1)
  A kobold (D:1)
15 creatures vanquished.

Vanquished Creatures (collateral kills)
  2 gnolls (D:2)
2 creatures vanquished.

Grand Total: 17 creatures vanquished

Action                   || total
-------------------------++-------
Melee: War axe           ||    42
  Use: Potion            ||     3

Vault maps used:
D:1:      minmay_arrival_jagged
D:2:      okawaru_metal_pillars_1_2
D:3:      lemuel_round_altar, ecumenical_altar_1, kennysheep_cluttered_room,
          grunt_decor_resistance
